 Dungeon Crawl Stone Soup version 0.19.5 (console) character file.

438 Grinner the Basher (level 7, 0/70 HPs)
             Began as an Ogre Monk on Mar 18, 2017.
             Slain by a killer bee (6 damage)
             ... on level 7 of the Dungeon.
             The game lasted 00:06:19 (4646 turns).

Grinner the Basher (Ogre Monk)                      Turns: 4646, Time: 00:06:20

Health: 0/70       AC:  3    Str: 19    XL:     7   Next: 1%
Magic:  7/7        EV: 10    Int:  7    God:
Gold:   207        SH:  0    Dex: 12    Spells: 0 memorised, 6 levels left

rFire  . . .     SeeInvis .     n - +4 quarterstaff
rCold  . . .     Gourm    .     b - +0 robe
rNeg   . . .     Faith    .     (shield currently unavailable)
rPois  .         Spirit   .     (helmet restricted)
rElec  .         Reflect  .     (no cloak)
rCorr  .         Harm     .     (gloves unavailable)
MR     .....                    (boots unavailable)
Stlth  ++........               (no amulet)
                                (no ring)
                                (no ring)

@: lethally poisoned (0 -> -11), about to teleport
A: unfitting armour, claws 1, horns 1, dopey 1, tough skin 1
a: no special abilities


You were on level 7 of the Dungeon.
You were not hungry.

You visited 1 branch of the dungeon, and saw 6 of its levels.

You collected 207 gold pieces.

Inventory:

Hand Weapons
 a - a +0 mace
 e - a cursed -1 giant spiked club
 n - a +4 quarterstaff (weapon)
Armour
 b - a +0 robe (worn)
 u - a +2 shield
Wands
 o - a wand of slowing (48/48)
Scrolls
 d - a scroll of amnesia {unknown}
 g - a scroll of recharging
 h - 5 scrolls of identify
 i - 5 scrolls of remove curse
 j - a scroll of noise {unknown}
 k - a scroll of random uselessness {unknown}
 m - a scroll of teleportation
 p - 3 scrolls of fear
 s - a scroll of immolation {unknown}
 v - a scroll of blinking {unknown}
Comestibles
 c - 4 bread rations
 f - a beef jerky
 l - a meat ration
 r - a royal jelly
 t - a slice of pizza


   Skills:
 - Level 4.0 Fighting
 + Level 10.0 Maces & Flails
 - Level 2.6 Dodging
 - Level 1.4 Stealth


You had 6 spell levels left.
You didn't know any spells.

Dungeon Overview and Level Annotations

Branches:
Dungeon (5/15)
 Temple: D:4-7

Altars:
Elyvilon
Qazlal
Ru


Innate Abilities, Weirdness & Mutations

You are too large for most types of armour.
You have tough skin. (AC +1)
You have sharp fingernails.
You have a pair of small horns on your head.
You are dopey. (Int -2)


Message History

You feel sick.
As you read the scroll labeled WUAPNO LISSODU, it crumbles to dust.
It is a scroll of recharging.
Charge which item? (? for menu, Esc to quit)
Your wand of slowing {zapped: 4} glows for a moment.
You feel sick. The killer bee stings you.
* * * LOW HITPOINT WARNING * * *
The killer bee closely misses you.
As you read the scroll labeled BOS QEIR HOP, it crumbles to dust.
You feel strangely unstable.
It was a scroll of teleportation.
You feel sick. The killer bee barely misses you.
You hear a distant blaring wail to the north.
The killer bee stings you.
* * * LOW HITPOINT WARNING * * *
It was a potion of magic.
Magic courses through your body.
You feel sick. The killer bee stings you!
* * * LOW HITPOINT WARNING * * *
You are more poisoned.
The killer bee poisons you! The killer bee stings you.
You die...

..# ....##...
...### #...#....
.y...####.......#
...............
##............
##......[..(#
..#...........#
........(.y@..#
..........##..#
..c.....####..##
######### ##..#
8. #..# . ##.#
#.. #..# ##.#


You could see a killer bee.

Vanquished Creatures
  A sky beast (D:5)
  An ogre (D:4)
  A scorpion (D:4)
  A howler monkey (D:4)
  A bullfrog zombie (D:5)
  Jessica (D:2)
  A hound skeleton (D:4)
  3 adders
  An adder skeleton (D:4)
  A worm (D:2)
  A dart slug (D:2)
  3 leopard geckos
  6 orcs (D:3)
  2 ball pythons
  3 giant cockroaches
  5 goblins
  4 hobgoblins
  2 quokkas
  5 bats
  5 frilled lizards
  A giant cockroach zombie (D:5)
  5 kobolds
  8 rats
62 creatures vanquished.

Notes
Turn   | Place    | Note
-------+----------+-------------------------------------------
     0 | D:1      | Grinner the Ogre Monk began the quest for the Orb.
     0 | D:1      | Reached XP level 1. HP: 24/24 MP: 1/1
   255 | D:1      | Reached XP level 2. HP: 31/32 MP: 2/2
   489 | D:2      | Reached skill level 5 in Maces & Flails
   727 | D:2      | Reached XP level 3. HP: 7/39 MP: 3/3
  1235 | D:2      | Noticed Jessica
  1248 | D:2      | Killed Jessica
  1248 | D:2      | Reached skill level 6 in Maces & Flails
  1248 | D:2      | Reached XP level 4. HP: 31/48 MP: 4/4
  1434 | D:2      | Found a stormy altar of Qazlal.
  1434 | D:2      | Found a faded altar of an unknown god.
  1443 | D:2      | Found a faded altar of an unknown god.
  1446 | D:2      | Found a faded altar of an unknown god.
  1448 | D:2      | Found a faded altar of an unknown god.
  2134 | D:3      | Reached skill level 7 in Maces & Flails
  2317 | D:3      | Found a sacrificial altar of Ru.
  2820 | D:4      | Found a white marble altar of Elyvilon.
  2948 | D:4      | Reached XP level 5. HP: 4/54 MP: 5/5
  2948 | D:4      | HP: 2/54 [ball python (2)]
  3235 | D:4      | Noticed an ogre
  3253 | D:4      | Killed an ogre
  3253 | D:4      | Reached skill level 8 in Maces & Flails
  3253 | D:4      | Reached XP level 6. HP: 10/62 MP: 6/6
  3639 | D:4      | Gained mutation: You have a pair of small horns on your head. [potion of mutation]
  3639 | D:4      | Gained mutation: You are dopey. (Int -2) [potion of mutation]
  3639 | D:4      | Gained mutation: You have sharp fingernails. [potion of mutation]
  3645 | D:4      | Reached skill level 9 in Maces & Flails
  4355 | D:5      | Entered Level 5 of the Dungeon
  4387 | D:5      | Noticed a sky beast
  4406 | D:5      | Killed a sky beast
  4582 | D:5      | Reached skill level 10 in Maces & Flails
  4582 | D:5      | Reached XP level 7. HP: 46/70 MP: 7/7
  4627 | D:5      | You fall through a shaft for 2 floors!
  4646 | D:7      | Slain by a killer bee

Skill      XL: |  1  2  3  4  5  6 |
---------------+-------------------+-----
Maces & Flails | 5 6 7 8 10 | 10.0
Fighting       | |  4.0
Dodging        | |  2.6
Stealth        | |  1.4

Action                   |  1- 3 |  4- 6 |  7- 9 || total
-------------------------+-------+-------+-------++-------
Melee: Mace              |    85 |   170 |       ||   255
       Headbutt          |       |    11 |     1 ||    12
       Quarterstaff      |       |       |     5 ||     5
  Use: Potion            |       |     6 |     1 ||     7
       Scroll            |       |       |     5 ||     5
 Stab: Sleeping          |     2 |     2 |       ||     4
       Distracted        |       |     1 |       ||     1
  Eat: Chunk             |       |    12 |       ||    12
Armor: Robe              |    27 |    29 |     4 ||    60
Dodge: Dodged            |    68 |    72 |    14 ||   154
Block: Shield            |       |     9 |       ||     9
